 Dungeon Crawl Stone Soup version 0.29.1-1-gd02db6906a (webtiles) character file.

Game seed: 16354498700449632231

524 Ashen the Chiller (level 7, 51/51 HPs)
             Began as a Demonspawn Ice Elementalist on Sept 15, 2022.
             Got out of the dungeon alive.
             The game lasted 00:08:07 (5002 turns).

Ashen the Chiller (Demonspawn Ice Elementalist)     Turns: 5002, Time: 00:08:07

Health: 51/51      AC:  6    Str:  8    XL:     7   Next: 2%
Magic:  12/12      EV: 12    Int: 19    God:
Gold:   207        SH:  0    Dex: 13    Spells: 6/13 levels left

rFire   + . .      SeeInvis +   x - +0 scimitar
rCold   . . .      Faith    .   (no shield)
rNeg    . . .      Spirit   .   v - +0 leather armour {rF+}
rPois   .          Reflect  .   (no helmet)
rElec   .          Harm     .   w - +2 cloak
rCorr   +          Rampage  .   (no gloves)
Will    .....                   (no boots)
Stlth   ++........              i - amulet of regeneration
HPRegen 0.97/turn               k - ring of resist corrosion
MPRegen 0.26/turn               t - ring of see invisible

@: no status effects
A: magic regeneration, sanguine armour 1, weakness stinger 2
a: no special abilities


You escaped.
You visited 2 branches of the dungeon, and saw 6 of its levels.

You collected 207 gold pieces.

Inventory:

Hand Weapons
 x - a +0 scimitar (weapon)
Missiles
 d - 6 javelins
Armour
 v - a +0 leather armour of fire resistance (worn)
 w - a +2 cloak (worn)
Jewellery
 i - an amulet of regeneration (around neck)
 k - a ring of resist corrosion (left hand)
 t - a ring of see invisible (right hand)
Scrolls
 c - a scroll of teleportation {unknown}
 e - 3 scrolls of enchant armour {unknown}
 f - a scroll of blinking {unknown}
 j - 7 scrolls of identify {unknown}
 n - 4 scrolls of amnesia {unknown}
 s - 2 scrolls of enchant weapon {unknown}
Potions
 a - 3 potions of haste {unknown}
 b - a potion of magic
 g - a potion of lignification {unknown}
 h - 2 potions of curing {unknown}
 l - a potion of invisibility {unknown}
 m - a potion of brilliance {unknown}
 o - 2 potions of mutation {unknown}
 p - a potion of attraction {unknown}
 q - a potion of ambrosia {unknown}
 r - 2 potions of might {unknown}
 u - a potion of heal wounds {unknown}
 z - a potion of degeneration {unknown}


   Skills:
 + Level 2.9 Fighting
 + Level 3.4 Dodging
 + Level 3.6 Stealth
 + Level 3.5 Spellcasting
 + Level 4.7 Ice Magic


You had 6 spell levels left.
You knew the following spells:

 Your Spells              Type           Power      Damage    Failure   Level
a - Freeze                Ice            84%        1d10      3%          1
b - Frozen Ramparts       Ice            42%        1d7       9%          3
c - Ozocubu's Armour      Ice            21%        N/A       9%          3

Your spell library contained the following spells:

 Spells                   Type           Power      Damage    Failure   Level
 Apportation              Tloc           6%         N/A       22%         1
 Necrotise                Necr           12%        1d4       22%         1
 Summon Small Mammal      Summ           12%        N/A       22%         1
 Gell's Gravitas          Tloc           3%         N/A       54%         3
 Teleport Other           Tloc           3%         N/A       54%         3
 Hailstorm                Conj/Ice       12%        3d5       61%         4
 Dispersal                Tloc           1%         N/A       100%        6


Dungeon Overview and Level Annotations

Branches:
Dungeon (5/15)             Temple (1/1) D:4

Altars:
Fedhas
Nemelex Xobeh
Okawaru
Qazlal
Ru
Trog
Uskayaw
Yredelemnul

Shops:
D:1 =   D:4 ([(   D:5 (

Annotations:
D:2 Terence


Innate Abilities, Weirdness & Mutations

You regenerate magic rapidly.
When seriously injured, your blood forms armour. (AC +0)
You have a tail ending in a sharp stinger.


Message History

You slash the ice beast!
You kill the ice beast!
You have reached level 7!
Your demonic ancestry asserts itself...
You feel your blood ready itself to protect you.
Your blood congeals into armour.
You hit the orc but do no damage. The orc hits you but does no damage. x2
You barely miss the orc. The orc hits you but does no damage.
You barely miss the orc. The orc hits you but does no damage.
The orc hits you with a +0 hand axe.
* * * LOW HITPOINT WARNING * * *
You hit the orc.
You kill the orc!
The sentinel's mark upon you fades away.
Things that are here:
a +0 hand axe; a +0 scale mail
a - 3 golden potions (gained 2)
There is an open door here.
There is a stone staircase leading up here.
You climb upwards.
There is a stone staircase leading down here.
Your blood armour dries and flakes away.
There is an entrance to Vaomaef's Antique Weapon Boutique here.
There is a stone staircase leading up, spattered with blood here.
You climb upwards.
There is a stone staircase leading down here.
HP restored.
There is a stone staircase leading up here.
You climb upwards.
Level annotation: Terence
There is a stone staircase leading down here.
You see here the +6 dagger of Purpose {venom, rC++ Will+ Str-2 Int+3}.
There is a stone staircase leading up here.
You climb upwards.
There is a stone staircase leading down here.
There is an open door here.
There is an abandoned shop here.
There is a staircase leading out of the dungeon here.
Are you sure you want to leave the Dungeon?
This will make you lose the game!
You have escaped!

###∩......#.#.#.##......
#∩.....##.#..........(
#∩.....##.##.###......
##.....##.##.# #...##.
#.....##....####..##.
##...######...##....#
#...# #.....∩...# ##..#
#......##.# ##@#
#..##..##.# ###
#..##.....# #.........#
#.........# #......#'##
#####'##... #..###.
##....# ####.#


There were no monsters in sight!

Vanquished Creatures
  An ice beast (D:5)
  A scorpion (D:4)
  A howler monkey (D:5)
  A jelly (D:5)
  A gnoll bouda (D:5)
  2 iguanas
  An orc wizard (D:5)
  11 gnolls
  3 adders
  3 dart slugs
  6 orcs (D:5)
  4 endoplasms
  4 giant cockroaches
  6 goblins
  2 hobgoblins (D:1)
  4 jackals (D:2)
  4 kobolds
  A quokka (D:2)
  6 ball pythons
  7 bats
  2 frilled lizards
  5 rats
76 creatures vanquished.

Notes
Turn   | Place    | Note
-------+----------+-------------------------------------------
     0 | D:1      | Ashen the Demonspawn Ice Elementalist began the quest for
                  | the Orb.
     0 | D:1      | Reached XP level 1. HP: 13/13 MP: 3/3
   486 | D:1      | Gained mutation: You have a small tail. [demonic ancestry]
   486 | D:1      | Reached XP level 2. HP: 20/20 MP: 3/5
   516 | D:1      | Found Ulupt's Jewellery Boutique.
   652 | D:1      | Found a faded altar of an unknown god.
  1370 | D:2      | Identified the +6 dagger of Purpose {venom, rC++ Will+
                  | Str-2 Int+3}
  1617 | D:2      | Reached skill level 1 in Fighting
  1690 | D:2      | Gained mutation: You have a tail ending in a sharp stinger.
                  | [demonic ancestry]
  1690 | D:2      | Reached XP level 3. HP: 26/26 MP: 3/6
  1950 | D:2      | Noticed Terence
  2921 | D:3      | Found a bloodstained altar of Trog.
  2979 | D:3      | Reached skill level 4 in Ice Magic
  3367 | D:4      | Reached XP level 4. HP: 24/32 MP: 3/7
  3451 | D:4      | Identified the +0 scale mail of Proximity {rC- Will+ Dex+4}
  3493 | D:4      | Learned a level 3 spell: Frozen Ramparts
  3535 | D:4      | Found Vaomaef's Antique Weapon Boutique.
  3580 | D:3      | Reached XP level 5. HP: 26/38 MP: 0/9
  3709 | D:4      | Found a sacrificial altar of Ru.
  3969 | D:4      | Found Iloewn's Antique Weapon Shoppe.
  4012 | D:4      | Found a staircase to the Ecumenical Temple.
  4025 | Temple   | Entered the Ecumenical Temple
  4316 | D:4      | Found Otohis's Antique Armour Shop.
  4437 | D:5      | Entered Level 5 of the Dungeon
  4500 | D:5      | Found Ylemiar's Weapon Shop.
  4518 | D:5      | Learned a level 3 spell: Ozocubu's Armour
  4571 | D:5      | Gained mutation: You regenerate magic rapidly. [demonic
                  | ancestry]
  4571 | D:5      | Reached XP level 6. HP: 43/44 MP: 3/10
  4624 | D:5      | Found a blossoming altar of Fedhas.
  4776 | D:5      | Found an iron altar of Okawaru.
  4851 | D:5      | Noticed an ice beast
  4862 | D:5      | Killed an ice beast
  4863 | D:5      | Gained mutation: When seriously injured, your blood forms
                  | armour. (AC +0) [demonic ancestry]
  4863 | D:5      | Reached XP level 7. HP: 10/51 MP: 12/12
  5002 | D:$      | Got out of the dungeon alive.

Illustrated notes

Levels and vault maps discovered:
D:1:      amcnicky_arrival_abandoned_market, layout_basic,
          shapermc_ecumenical_altar_gd, serial_shops, nicolae_square_shop
D:2:      layout_loops_corners, uniq_terence
D:3:      layout_basic, lightli_temple_of_fire
D:4:      layout_rooms, mainiacjoe_overflow_cross_hatched,
          minmay_temple_entry_gardened_gates, serial_shops,
          nicolae_take_the_stairs, nicolae_shop_behind_doors,
          nicolae_stop_n_shop_2
D:5:      layout_gridville, okawaru_trees_2, old_standard_altar,
          gammafunk_ghost_grave, serial_shops, nicolae_shop_bloodbath_and_beyond
Temple:   nicolae_temple_bog_church

Skill      XL: |  1  2  3  4  5 |
---------------+----------------+-----
Stealth        | 2 3 |  3.6
Dodging        | 2 3 |  3.4
Fighting       | 1 2 |  2.9
Ice Magic      | 4 |  4.7
Spellcasting   | 3 |  3.5

Action                   |  1- 3 |  4- 6 |  7- 9 || total
-------------------------+-------+-------+-------++-------
Melee: Unarmed           |    43 |    21 |       ||    64
       Tailslap          |     3 |     3 |       ||     6
       Scimitar          |       |     9 |     4 ||    13
 Cast: Freeze            |    73 |    58 |       ||   131
       Frozen Ramparts   |       |     2 |       ||     2
       Ozocubu's Armour  |       |     1 |       ||     1
 Stab: Sleeping          |     5 |       |       ||     5
Armor: Robe              |    16 |     4 |       ||    20
       Leather armour    |       |    16 |     4 ||    20
Dodge: Dodged            |    63 |    56 |       ||   119
